 Dungeon Crawl Stone Soup version 0.30-a0-777-ga9a30cbeda (webtiles) character file.

Game seed: 9721065430763644912

70 Mickster the Chopper (level 3, -1/29 HPs)
             Began as a Demigod Gladiator on Feb 15, 2023.
             Killed from afar by Grinder (10 damage)
             ... with a puff of flame
             ... on level 3 of the Dungeon.
             The game lasted 00:31:08 (2072 turns).

Mickster the Chopper (Demigod Gladiator)            Turns: 2072, Time: 00:31:08

Health: -1/29      AC: 11    Str: 17    XL:     3   Next: 77%
Magic:  5/5        EV:  7    Int: 10    God:
Gold:   157        SH:  0    Dex: 15    Spells: 2/2 levels left

rFire   . . .      SeeInvis .    g - +0 morningstar
rCold   + . .      Faith    .    (no shield)
rNeg    . . .      Spirit   .    h - +0 plate armour
rPois   .          Reflect  .    c - +0 helmet
rElec   .          Harm     .    (no cloak)
rCorr   .          Rampage  .    (no gloves)
Will    .....                    (no boots) Stlth
                                 (no amulet)
HPRegen 0.24/turn                l - ring of protection from cold
MPRegen 0.09/turn                (no ring)

@: no status effects
A: high MP 1, forlorn, divine attributes, weak 1, MP-powered wands, sturdy frame
1
a: no special abilities


You were on level 3 of the Dungeon.
You visited 1 branch of the dungeon, and saw 3 of its levels.

You collected 157 gold pieces.

Inventory:

Hand Weapons
 a - a +0 war axe
 g - a +0 morningstar (weapon)
 i - a +0 spear
 j - a +0 sling
Missiles
 b - 13 poisoned darts (quivered)
 d - 3 throwing nets
 e - a javelin
 f - 5 atropa-tipped darts
Armour
 c - a +0 helmet (worn)
 h - a +0 plate armour (worn)
Jewellery
 l - a ring of protection from cold (left hand)


   Skills:
 + Level 1.8 Fighting
 - Level 3.3(3.5) Axes
 * Level 1.6(2.7) Maces & Flails
 + Level 1.9 Throwing
 + Level 0.5 Armour
 + Level 3.1 Dodging
 + Level 0.3 Stealth


You had 2 spell levels left.
You didn't know any spells.
Your spell library contained the following spells:

 Spells                   Type           Power      Damage    Failure   Level
 Frozen Ramparts          Ice            0%         1d1       100%        3
 Ice Form                 Ice/Tmut       0%         N/A       100%        4
 Summon Ice Beast         Ice/Summ       0%         N/A       100%        4


Dungeon Overview and Level Annotations

Branches:
Dungeon (3/15)

Annotations:
D:3 Grinder


Innate Abilities, Weirdness & Mutations

You have an increased reservoir of magic. (+10% MP)
You shall have no god before yourself.
Your divine heritage dramatically boosts your attributes as you level up.
You are weak. (Str -2)
You expend magic power (3 MP) to strengthen your wands.
Your movements are slightly less encumbered by armour. (ER -2)


Message History

You pick up a book of Rime and begin reading...
You add the spells Frozen Ramparts, Ice Form and Summon Ice Beast to your library.
Okay, then.
g - a +0 morningstar (weapon)
You open the door.
There is an open door here.
You open the door.
There is an open door here.
Your extra speed is starting to run out.
You open the door.
There is an open door here.
You open the door. As you open the door, it creaks loudly!
You feel yourself slow down.
You hear a shout!
Found 7 gold pieces.
Found 6 gold pieces.
Grinder comes into view.
She is carrying a wand of flame (17).
There is an open door here.
Found 15 gold pieces.
Grinder says, "Mostly I couldn't keep them alive."
You see here 7 gold pieces.
Grinder gestures at you. Pain shoots through your body!
Grinder zaps a wand.
The puff of flame hits you.
Grinder zaps a wand.
The puff of flame hits you!
* * * LOW HITPOINT WARNING * * *
You barely miss Grinder.
Grinder says, "Make like a tree!"
Grinder blinks! x2
Grinder zaps a wand.
The puff of flame hits you but does no damage.
Grinder gestures at you.
You suddenly lose the ability to move!
Grinder hits you but does no damage.
You can move again.
You hit Grinder.
Grinder is lightly wounded.
Grinder zaps a wand.
The puff of flame hits you!
You die...

#....# #.# #. $
#....# #####.# #. ..
#...$# #...'.+ #.
...##....# #.###.#
#. .........# #.#
#.# #.
.........###'###.###
#.
.........'..........
.......$.###'###.###
........@# #.# #.#
........5# #.# #.#
.........# #..
.........# ###
#........#
#........#
#......... .......##


You could see Grinder.

Vanquished Creatures
  An adder (D:2)
  3 dart slugs
  5 orcs (D:3)
  3 ball pythons
  5 endoplasms
  A giant cockroach (D:1)
  A goblin (D:1)
  3 hobgoblins
  2 jackals (D:1)
  3 kobolds
  6 quokkas
  5 bats
  2 frilled lizards (D:1)
  3 rats
43 creatures vanquished.

Notes
Turn   | Place    | Note
-------+----------+-------------------------------------------
     0 | D:1      | Mickster the Demigod Gladiator began the quest for the Orb.
     0 | D:1      | Reached XP level 1. HP: 17/17 MP: 3/3
   292 | D:1      | Reached XP level 2. HP: 23/24 MP: 4/4
   696 | D:1      | You fall into a shaft and drop 1 floor!
   833 | D:2      | Reached XP level 3. HP: 29/29 MP: 5/5
   870 | D:2      | Gained mutation: You are weak. (Str -2) [potion of
                  | mutation]
   870 | D:2      | Gained mutation: You expend magic power (3 MP) to
                  | strengthen your wands. [potion of mutation]
   870 | D:2      | Gained mutation: Your movements are slightly less
                  | encumbered by armour. (ER -2) [potion of mutation]
   894 | D:2      | Reached skill level 1 in Maces & Flails
  2056 | D:3      | Noticed Grinder
  2070 | D:3      | Paralysed by Grinder for 2 turns
  2072 | D:3      | Killed from afar by Grinder

Illustrated notes

Levels and vault maps discovered:
D:1:      lemuel_arrival_tunnels, layout_loops_corners, solitary_fountain,
          columned_hall_lemuel
D:2:      layout_basic, shapermc_ecumenical_altar_mp_highgroup, basic_altar
D:3:      layout_basic, vehumet_crystals, minmay_door_square,
          kennysheep_generic_room_16, uniq_sigmund, uniq_grinder

Skill      XL: |  1  2  3 |
---------------+----------+-----
Axes           | 3 |  3.3
Dodging        | 3 |  3.1
Maces & Flails | 1 |  1.6
Fighting       | |  1.8
Throwing       | |  1.9
Armour         | |  0.5
Stealth        | |  0.3

Action                     || total
---------------------------++-------
  Melee: War axe           ||    81
         Morningstar       ||    29
         Punch             ||     1
  Throw: Dart              ||     7
    Use: Scroll            ||     4
         Potion            ||     5
   Stab: Sleeping          ||     1
 Armour: Leather armour    ||    15
         Plate armour      ||    78
  Dodge: Dodged            ||    65

Table legend: (Time is in decaauts)
 A = Elapsed time spent in this place.
 B = Non-inter-level travel time spent in this place.
 C = Inter-level travel time spent in this place.
 D = Time resting spent in this place.
 E = Time spent auto-exploring this place.
 F = Levels seen in this place.
 G = Mean time per level.
                   A        B        C        D        E       F      G
               +--------+--------+--------+--------+--------+-----+--------+
         Total |   2092 |   1843 |    249 |    258 |      0 |   3 |  697.3 |
       Dungeon |   2092 |   1843 |    249 |    258 |      0 |   3 |  697.3 |
               +--------+--------+--------+--------+--------+-----+--------+

Top non-repeatable levels by time:
     D:2: 1115 daAuts
     D:1: 713 daAuts
     D:3: 263 daAuts
